AoeStats
← [PSCH] R!ce

Arabia

508877321Analyzed
1v1 RM · 8d ago on Sep 24, 2026· 20m 26s· 2 players
Game mode
Random Map
Map size
Tiny (2 player)
Population
200
Speed
Normal
Resources
Standard
Victory
Conquest
Starting age
Dark Age
Ending age
Imperial Age
RankedLock teamsTeams togetherTeam positionsShared explorationLock speedFull tech treeHidden civsTurbo modeCheats
Victory
Defeat
🇨🇭 Varangians · Switzerland
1478
+18
🇨🇱 Mongols · Chile
1531
-18
[PSCH] R!ce
6:38 Loom
9:01 Feudal Age
11:16 Double-Bit Axe
14:30 Bloodlines
20:41 Castle Age
19:08 Scale Barding Armor
19:38 Forging
19:31 Horse Collar
semarch98
5:54 Loom
8:03 Feudal Age
8:51 Double-Bit Axe
20:57 Castle Age
Connection lost

Rejoining the realm…

Still unreachable

The connection could not be restored.

Session expired

The server has moved on; the page needs a fresh start.